 Dungeon Crawl Stone Soup version 0.21.1-1-g345015f (webtiles) character file.

17335 Monsterracer the Grappler (level 12, -3/100 (102) HPs)
             Began as a Ghoul Arcane Marksman on Apr 25, 2018.
             Was an Elder of Makhleb.
             Slain by a red ugly thing (7 damage)
             ... in a volcano.
             The game lasted 00:26:06 (15134 turns).

Monsterracer the Grappler (Ghoul Arcane Marksman)  Turns: 15134, Time: 00:26:07

HP:   -3/100 (102)  AC: 17    Str: 24    XL:     12   Next: 46%
MP:   25/25         EV:  6    Int:  8    God:    Makhleb [****..]
Gold: 632           SH: 11    Dex:  9    Spells: 12/13 levels left

rFire    + + .     SeeInvis +     - Unarmed
rCold    + . .     Gourm    .   A - +1 shield {rC+ rF+}
rNeg     + + +     Faith    .   C - +1 plate armour "Kiorghil" {rF+ rC- SInv}
rPois    ∞         Spirit   .   (no helmet)
rElec    .         Reflect  .   g - +2 cloak {rPois}
rCorr    .         Harm     .   (no gloves)
MR       .....                  (no boots)
Stlth    ..........             x - amulet of magic regeneration
HPRegen  0.00/turn              w - ring of magical power
MPRegen  0.44/turn              (no ring)

@: mighty, rotting
A: rotting body, claws 1, carnivore, cold resistance 1, negative energy
resistance 3, inhibited regeneration, torment resistance, unbreathing
a: Minor Destruction, Lesser Servant of Makhleb, Major Destruction, Renounce
Religion


You were in a volcano.
You worshipped Makhleb.
Makhleb was greatly pleased with you.
You were not hungry.

You visited 3 branches of the dungeon, and saw 12 of its levels.
You also visited: Sewer and Volcano.

You collected 632 gold pieces.

Inventory:

Missiles
 d - a throwing net
 f - 3 javelins (quivered)
Armour
 g - a +2 cloak of poison resistance (worn)
 p - a +0 chain mail of magic resistance
 v - a +0 pair of gloves
 A - a +1 shield of resistance (worn)
 C - the +1 plate armour "Kiorghil" (worn) {rF+ rC- SInv}
   (You found it on level 1 of the Lair of Beasts)

   It protects you from fire.
   It makes you vulnerable to cold.
   It lets you see invisible.
Jewellery
 w - a ring of magical power (left claw)
 x - an amulet of magic regeneration (around neck)
Wands
 k - a wand of enslavement (30)
 m - a wand of acid (18)
 r - a wand of iceblast (13)
Scrolls
 a - 6 scrolls of identify
 b - 2 scrolls of magic mapping {!r}
 h - 4 scrolls of teleportation
 y - 4 scrolls of remove curse
Potions
 e - 3 potions of heal wounds
 i - a potion of curing
 j - 2 potions of agility
 l - 5 potions of flight
 n - a potion of might
 o - 3 potions of resistance
 q - 2 potions of haste
 s - a potion of lignification
 t - 3 potions of brilliance
 z - 3 potions of cancellation
Comestibles
 c - 21 rations


   Skills:
 + Level 8.3 Fighting
 - Level 6.8 Throwing
 + Level 6.7 Armour
 - Level 1.8 Dodging
 + Level 6.7 Shields
 * Level 12.5 Unarmed Combat
 - Level 1.0 Spellcasting
   Level 2.4 Hexes
 + Level 7.9 Invocations


You had 12 spell levels left.
You knew the following spells:

 Your Spells              Type           Power        Failure   Level  Hunger
z - Apportation           Tloc           #.....       100%        1    ##.....


Dungeon Overview and Level Annotations

Branches:
Dungeon (9/15)             Temple (1/1) D:4            Lair (2/6) D:9
 Shoals (0/4) Lair:2
  Snake: Lair:2-4    Spider: Lair:2-4       Orc: D:9-12

Altars:
Ashenzari
Cheibriados
Dithmenos
Elyvilon
Fedhas
Gozag
Hepliaklqana
Kikubaaqudgha
Makhleb
Nemelex Xobeh
Okawaru
Qazlal
Ru
Sif Muna
Trog
Uskayaw
Vehumet
Wu Jian
Xom
Yredelemnul
Zin
The Shining One


Innate Abilities, Weirdness & Mutations

Your body is rotting away.
You thrive on raw meat.
You are immune to poison.
You have sharp fingernails.
You are carnivorous and can eat meat at any time.
Your flesh is cold resistant. (rC+)
You are immune to negative energy. (rN+++)
You do not regenerate when monsters are visible.
You are immune to unholy pain and torment.
You can survive without breathing.


Message History

Something smites you!
* * * LOW HITPOINT WARNING * * *
You block the red devil's attack.
Your neqoxec barely misses the hell hound.
The red devil hits you but does no damage.
You take 11 damage, and have 42/100 hp.
You completely miss the smoke demon.
The smoke demon is severely wounded.
The hell hound barely misses your neqoxec.
The smoke demon hits you but does no damage.
You block the smoke demon's attack.
The smoke demon hits you but does no damage.
The red devil hits you from afar with a trident of flaming.
* * * LOW HITPOINT WARNING * * *
Your neqoxec gestures at the hell hound.
The hell hound twists and deforms.
You take 4 damage, and have 38/100 hp.
You claw the smoke demon!
You kill the smoke demon!
Makhleb accepts your kill. The hell hound bites your neqoxec.
The red devil hits you from afar with a trident of flaming.
* * * LOW HITPOINT WARNING * * *
The hell hound misses your neqoxec.
You take 2 damage, and have 36/100 hp.
You mangle the hell hound!!
You kill the hell hound!
Makhleb accepts your kill.
You feel better. You block the red devil's attack.
The red devil hits you but does no damage.
You regained 6 hp, and now have 42/100 hp.
The red devil hits your neqoxec with a trident of flaming!
The red devil burns your neqoxec.
Your neqoxec dies!
Your white imp disappears in a puff of smoke!
The red devil hops backward while attacking.
You block the red devil's attack.
The red devil hops backward while attacking.
You block the red devil's attack.
You miss the red devil.
The red devil is lightly wounded.
The red devil hops backward while attacking.
The red devil hits you from afar with a trident of flaming.
* * * LOW HITPOINT WARNING * * *
You take 1 damage, and have 41/100 hp.
A red ugly thing comes into view.
The red ugly thing gurgles horribly!
You block the red devil's attack.
You claw the red devil!
The red devil is heavily wounded.
You block the red devil's attack.
The red devil hits you from afar with a trident of flaming.
* * * LOW HITPOINT WARNING * * *
The red ugly thing headbutts you but does no damage.
You take 4 damage, and have 37/100 hp.
Your plate armour "Kiorghil" prevents you from hitting the red devil.
The red devil is heavily wounded.
You closely miss the red devil.
The red devil is heavily wounded.
The red devil hops backward while attacking.
You block the red devil's attack. x2; You block the red ugly thing's attack.
You block the red ugly thing's attack.
The red devil hops backward while attacking.
You block the red devil's attack.
Found 19 gold pieces.
Found a burning altar of Makhleb.
You block the red devil's attack.
You scratch the red devil.
The red devil is severely wounded.
The red ugly thing headbutts you but does no damage.
You block the red devil's attack.
You scratch the red devil.
The red devil is almost dead.
The red devil hits you with a trident of flaming.
* * * LOW HITPOINT WARNING * * *
The red ugly thing headbutts you but does no damage.
The red devil hits you but does no damage.
You take 2 damage, and have 35/100 hp.
You scratch the red devil.
The red devil is almost dead.
The red devil hits you with a trident of flaming!
* * * LOW HITPOINT WARNING * * *
The red devil burns you.
* * * LOW HITPOINT WARNING * * *
The red ugly thing headbutts you!
* * * LOW HITPOINT WARNING * * *
You are engulfed in flames!
You resist.
* * * LOW HITPOINT WARNING * * *
You block the red devil's attack.
You take 27 damage, and have 8/100 hp.
MASSIVE DAMAGE!!
You closely miss the red devil.
The red devil is almost dead.
You block the red ugly thing's attack.
The red devil hits you but does no damage.
The red devil closely misses you.
You miss the red devil.
The red devil is almost dead.
The red ugly thing headbutts you.
* * * LOW HITPOINT WARNING * * *
You are engulfed in flames!
You resist.
You die...

##..# #.#
##### ##'##
#.$. ##...##
#._. ##))∩..#
...##..###..#
#.##..## #..#
##.#..## #3.#
#...4## #.4.
#4@u.# ...
#.......... .
###........
#########


You could see a red ugly thing and 2 red devils.

Vanquished Creatures
  2 hydras (Lair:1)
  A two-headed ogre (D:9)
  A hell knight (Volcano)
  The ghost of ZomBoFoB the Skirmisher, a novice OgGl (D:5)
  4 black mambas
  3 spiny frogs (Lair:1)
  A smoke demon (Volcano)
  A red devil (Volcano)
  2 komodo dragons (Lair:1)
  A queen bee (D:9)
  3 blink frogs (Lair:2)
  6 hippogriffs
  A yak (D:7)
  A basilisk (D:9)
  8 fire bats
  Eustachio (D:6)
  A hungry ghost (D:7)
  Edmund (D:6)
  The ghost of Frank the Ducker, an amateur OpFi (D:4)
  A steam dragon (D:8)
  A hell hound (Volcano)
  A soldier ant (D:9)
  6 porcupines
  2 ice beasts
  4 sky beasts
  2 phantoms
  2 orc warriors
  7 ogres
  A black bear (D:9)
  2 necrophages
  4 centaurs
  3 wolves (D:9)
  6 crocodiles
  Blork the orc (D:6)
  2 big kobolds
  12 bullfrogs
  3 scorpions
  14 wights
  11 killer bees (D:9)
  A howler monkey (D:5)
  A lava snake (Volcano)
  3 crimson imps
  4 hounds
  A bullfrog zombie (D:8)
  3 orc priests
  Crazy Yiuf (D:5)
  A gnoll shaman (D:6)
  9 orc wizards
  A bullfrog skeleton (D:8)
  Terence (D:2)
  2 iguanas
  Natasha (thrice) (D:3)
  5 worker ants
  A hound skeleton (D:5)
  5 gnolls (D:6)
  12 adders
  6 river rats
  2 shadow imps
  An ooze (D:2)
  2 adder zombies (D:5)
  An adder skeleton (D:4)
  6 worms
  A dart slug (D:2)
  5 leopard geckos
  20 orcs
  3 ball pythons
  2 giant cockroaches
  25 goblins
  7 hobgoblins
  15 jackals
  10 kobolds
  8 bats
  6 frilled lizards
  A jackal skeleton (D:7)
  A quokka skeleton (D:5)
  A quokka zombie (D:9)
  9 rats
311 creatures vanquished.

Vanquished Creatures (collateral kills)
  3 fire bats (Volcano)
  6 lava snakes (Volcano)
9 creatures vanquished.

Vanquished Creatures (others)
  3 plants
3 creatures vanquished.

Grand Total: 323 creatures vanquished

Notes
Turn   | Place    | Note
-------+----------+-------------------------------------------
     0 | D:1      | Monsterracer the Ghoul Arcane Marksman began the quest for the Orb.
     0 | D:1      | Reached XP level 1. HP: 16/16 MP: 1/1
    30 | D:1      | HP: 8/16 [ball python (1)]
    33 | D:1      | Reached skill level 1 in Unarmed Combat
   284 | D:1      | Reached XP level 2. HP: 15/23 MP: 2/2
   407 | D:1      | Reached skill level 2 in Unarmed Combat
   446 | D:1      | HP: 10/23 [jackal (2)]
   451 | D:1      | HP: 8/23 [jackal (1)]
   459 | D:1      | HP: 10/23 [ball python (1)]
  1049 | D:2      | Noticed Terence
  1061 | D:2      | Killed Terence
  1061 | D:2      | Reached skill level 3 in Unarmed Combat
  1061 | D:2      | Reached XP level 3. HP: 17/28 MP: 3/3
  1271 | D:2      | Reached skill level 4 in Unarmed Combat
  1271 | D:2      | Reached XP level 4. HP: 33/35 MP: 4/4
  1736 | D:2      | Reached skill level 5 in Unarmed Combat
  1736 | D:2      | Reached XP level 5. HP: 35/40 MP: 5/5
  3083 | D:3      | Reached XP level 6. HP: 46/47 MP: 6/6
  3406 | D:3      | Reached skill level 1 in Armour
  3635 | D:3      | Noticed Natasha
  3653 | D:3      | Killed Natasha
  3653 | D:3      | Reached skill level 6 in Unarmed Combat
  3959 | D:3      | Noticed Natasha
  3967 | D:3      | Killed Natasha
  3967 | D:3      | Reached skill level 1 in Shields
  4003 | D:3      | Noticed Natasha
  4007 | D:3      | Killed Natasha
  4059 | D:4      | Noticed Frank's ghost (amateur OpFi)
  4064 | D:4      | HP: 23/48 [river rat (3)]
  4076 | D:4      | Found a staircase to the Ecumenical Temple.
  4082 | Temple   | Entered the Ecumenical Temple
  4083 | Temple   | HP: 10/48 [river rat (6)]
  4106 | Temple   | Reached XP level 7. HP: 14/55 MP: 7/7
  4139 | Temple   | Became a worshipper of Makhleb the Destroyer
  4348 | D:4      | HP: 23/54 [Frank's ghost (8)]
  4350 | D:4      | Killed Frank's ghost
  4468 | D:4      | Reached skill level 1 in Invocations
  4471 | D:4      | HP: 24/56 [iguana (8)]
  4514 | D:4      | Found a glowing drain.
  4521 | Sewer    | Entered a sewer
  4733 | Sewer    | Found a white marble altar of Elyvilon.
  5619 | D:5      | Entered Level 5 of the Dungeon
  5811 | D:5      | Noticed ZomBoFoB's ghost (novice OgGl)
  5826 | D:5      | HP: 24/57 [ZomBoFoB's ghost (8)]
  5842 | D:5      | HP: 10/57 [ZomBoFoB's ghost (14)]
  6100 | D:5      | HP: 27/54 [ZomBoFoB's ghost (4)]
  6103 | D:5      | HP: 9/54 [ZomBoFoB's ghost (6)]
  6371 | D:5      | HP: 24/53 [scorpion (3)]
  6375 | D:5      | Reached XP level 8. HP: 27/59 MP: 8/8
  6613 | D:5      | Reached skill level 7 in Unarmed Combat
  6635 | D:5      | Reached * piety under Makhleb
  6652 | D:5      | HP: 25/60 [orc wizard/magic dart (7)]
  6661 | D:5      | HP: 14/60 [scorpion (2)]
  6667 | D:5      | HP: 16/62 [scorpion (5)]
  6762 | D:5      | HP: 29/63 [ZomBoFoB's ghost (15)]
  6776 | D:5      | Killed ZomBoFoB's ghost
  6943 | D:5      | Found a runed door.
  7236 | D:5      | Noticed Crazy Yiuf
  7239 | D:5      | Paralysed by Crazy Yiuf for 3 turns
  7247 | D:5      | Killed Crazy Yiuf
  7247 | D:5      | Reached skill level 8 in Unarmed Combat
  7427 | D:6      | Found a shattered altar of Ashenzari.
  7436 | D:6      | Reached XP level 9. HP: 67/71 MP: 10/10
  7557 | D:6      | Noticed Eustachio
  7578 | D:6      | Killed Eustachio
  7663 | D:6      | HP: 30/72 [orc warrior/glaive (10)]
  7682 | D:6      | HP: 34/71 [orc (3)]
  8054 | D:6      | Noticed Edmund
  8069 | D:6      | Killed Edmund
  8069 | D:6      | Reached ** piety under Makhleb
  8501 | D:6      | Noticed Blork the orc
  8510 | D:6      | Killed Blork the orc
  8693 | D:7      | HP: 35/72 [ogre/giant club (22)]
  8896 | D:7      | Reached skill level 5 in Fighting
  8896 | D:7      | Reached skill level 9 in Unarmed Combat
  9029 | D:7      | HP: 36/74 [yak (9)]
  9031 | D:7      | Reached XP level 10. HP: 49/81 MP: 12/12
  9144 | D:7      | You fall through a shaft!
  9169 | D:8      | Reached skill level 5 in Throwing
  9209 | D:8      | HP: 40/81 [orc warrior/halberd of venom (4)]
  9215 | D:8      | HP: 29/81 [wight/dagger of freezing (1)]
  9225 | D:7      | HP: 26/81 [wight/dagger of freezing (3)]
  9288 | D:7      | Reached skill level 5 in Invocations
  9376 | D:7      | Reached *** piety under Makhleb
  9746 | D:7      | HP: 38/82 [wight/great sword (11)]
 10090 | D:7      | HP: 35/81 [wight/scimitar (6)]
 10095 | D:7      | Reached skill level 10 in Unarmed Combat
 10096 | D:7      | HP: 38/81 [something (3)]
 10103 | D:7      | HP: 31/81 [something (1)]
 11184 | D:9      | Reached skill level 5 in Armour
 11312 | D:9      | Reached skill level 5 in Shields
 11316 | D:9      | HP: 38/83 [queen bee (13)]
 11321 | D:9      | HP: 41/83 [queen bee (3)]
 11348 | D:9      | HP: 40/84 [killer bee (4)]
 11357 | D:9      | HP: 39/84 [killer bee (6)]
 11365 | D:9      | HP: 37/84 [killer bee (4)]
 11451 | D:9      | Identified a scroll of acquirement
 11517 | D:9      | Reached XP level 11. HP: 81/91 MP: 14/14
 11876 | D:9      | Reached **** piety under Makhleb
 11949 | D:9      | Found a staircase to the Lair.
 11972 | D:9      | Reached skill level 11 in Unarmed Combat
 12058 | D:9      | Got a scorched dagger
 12098 | D:9      | Noticed a two-headed ogre
 12105 | D:9      | Killed a two-headed ogre
 12407 | Lair:1   | Entered Level 1 of the Lair of Beasts
 12472 | Lair:1   | HP: 39/92 [spiny frog (19)]
 12478 | Lair:1   | HP: 12/92 [spiny frog (17)]
 13040 | Lair:1   | Noticed a seven-headed hydra
 13064 | Lair:1   | HP: 42/92 [seven-headed hydra (5)]
 13070 | Lair:1   | Killed a seven-headed hydra
 13298 | Lair:1   | HP: 43/92 [komodo dragon (12)]
 13309 | Lair:1   | Got a fine plate armour
 13320 | Lair:1   | Identified the +1 plate armour "Kiorghil" {rF+ rC- SInv} (You found it on level 1 of the Lair of Beasts)
 13373 | Lair:1   | Noticed a six-headed hydra
 13378 | Lair:1   | HP: 45/92 [six-headed hydra (8)]
 13382 | Lair:1   | HP: 19/92 [six-headed hydra (7)]
 13383 | Lair:1   | HP: 8/92 [six-headed hydra (11)]
 13385 | Lair:1   | Killed a six-headed hydra
 13575 | Lair:1   | HP: 39/91 [komodo dragon (27)]
 13579 | Lair:1   | HP: 13/91 [komodo dragon (26)]
 13619 | Lair:1   | HP: 31/91 [crocodile (4)]
 14115 | Lair:1   | Learned a level 1 spell: Apportation
 14253 | Lair:2   | Reached XP level 12. HP: 96/101 MP: 16/16
 14297 | Lair:2   | HP: 49/101 [blink frog (6)]
 14367 | Lair:2   | HP: 46/101 [blink frog (5)]
 14381 | Lair:2   | HP: 37/101 [black mamba (2)]
 14387 | Lair:1   | HP: 16/101 [black mamba (11)]
 14388 | Lair:1   | HP: 5/101 [black mamba (11)]
 14519 | Lair:2   | Reached skill level 12 in Unarmed Combat
 14534 | Lair:2   | Found a staircase to the Shoals.
 14688 | Lair:2   | Found a dark tunnel.
 14697 | Volcano  | Entered a volcano
 14798 | Volcano  | HP: 44/101 [lava snake/glob of lava (11)]
 14803 | Volcano  | HP: 24/101 [lava snake/glob of lava (12)]
 14807 | Volcano  | HP: 10/101 [lava snake/glob of lava (4)]
 15094 | Volcano  | Noticed a hell knight
 15107 | Volcano  | Killed a hell knight
 15116 | Volcano  | HP: 42/100 [smoke demon/divine providence (11)]
 15123 | Volcano  | HP: 41/100 [red devil/trident of flaming (1)]
 15128 | Volcano  | Found a burning altar of Makhleb.
 15131 | Volcano  | HP: 35/100 [red devil/trident of flaming (2)]
 15132 | Volcano  | HP: 15/100 [red ugly thing (10)]
 15134 | Volcano  | HP: 4/100 [red ugly thing (4)]
 15134 | Volcano  | Slain by a red ugly thing

Skill      XL: |  1  2  3  4  5  6  7  8  9 10 11 12 |
---------------+-------------------------------------+-----
Unarmed Combat | 1 3 4 5 6 8 9 10 11 12 | 12.5
Throwing       | 2 3 4 5 6 |  6.8
Fighting       | 2 3 4 5 6 7 8 |  8.3
Armour         | 1 2 3 4 5 6 |  6.7
Shields        | 1 3 4 5 6 |  6.7
Invocations    | 1 3 4 5 7 |  7.9
Dodging        | |  1.8
Spellcasting   | |  1.0
Hexes          | |  2.4

Action                   |  1- 3 |  4- 6 |  7- 9 | 10-12 || total
-------------------------+-------+-------+-------+-------++-------
Melee: Unarmed           |    78 |   203 |   544 |   788 ||  1613
       Punch             |     1 |     2 |    15 |     6 ||    24
Throw: Javelin           |    11 |     2 |     4 |    14 ||    31
       Stone             |    12 |    32 |     2 |       ||    46
       Throwing net      |       |       |       |     2 ||     2
Invok: Minor Destruction |       |       |       |     9 ||     9
       Lesser Servant of |       |       |       |     4 ||     4
  Use: Scroll            |       |    10 |     5 |     9 ||    24
       Potion            |       |       |       |     2 ||     2
  Eat: Chunk             |     5 |     9 |    50 |    81 ||   145
       Ration            |       |       |     1 |     1 ||     2
Armor: Robe              |    14 |       |       |       ||    14
       Scale mail        |     3 |    27 |       |       ||    30
       Chain mail        |       |    37 |   140 |   361 ||   538
       Ring mail         |       |    15 |   102 |       ||   117
       Plate armour      |       |       |       |    82 ||    82
Dodge: Dodged            |    75 |    83 |   232 |   256 ||   646
Block: Shield            |       |       |       |   248 ||   248

Vault maps used:
D:1:      tarquinn_simple_flora_water_c
D:2:      wad_river_or_something, uniq_terence
D:3:      minmay_ogre_servants, uniq_natasha
D:4:      kennysheep_the_goblin_king, minmay_temple_entry_trees,
          lightli_sewer_entry_pipes, first_ration, kennysheep_generic_room_15
D:5:      uniq_crazy_yiuf_cottage
D:6:      evilmike_ruin_ashenzari, uniq_eustachio, uniq_blork_the_orc,
          uniq_edmund
D:7:      cheibrodos_fzero, st_stairs_13, kennysheep_generic_room_10
D:9:      minmay_lair_entry_grove, serial_undead, serial_undead_b,
          serial_undead_f, serial_undead_b, serial_undead_a, david_nohive_1,
          minivault_14
Temple:   kilobyte_greek_temple
Lair:2:   minmay_shoals_entry_centaurs, dummy_spider_entry,
          nicolae_volcano_entry_batcave, nzn_random_ring,
          minmay_lair_oklob_chamber
Sewer:    sewer_kobolds
Volcano:  volcano_grotto
